 Dungeon Crawl Stone Soup version 0.21-a0-125-gb006224 (webtiles) character file.

434 Titanic the Purveyor of Pain (level 6, -2/43 HPs)
             Began as a Mummy Necromancer on July 14, 2017.
             Was an Initiate of Kikubaaqudgha.
             Killed from afar by an electric eel (9 damage)
             ... with a bolt of electricity
             ... on level 6 of the Dungeon.
             The game lasted 00:11:36 (5632 turns).

Titanic the Purveyor of Pain (Mummy Necromancer)    Turns: 5632, Time: 00:11:38

Health: -2/43      AC:  2    Str: 11    XL:     6   Next: 68%
Magic:  16/21      EV: 12    Int: 16    God:    Kikubaaqudgha [......]
Gold:   282        SH:  0    Dex: 13    Spells: 1/14 levels left

rFire    x . .     SeeInvis .   u - +2 whip (drain)
rCold    + . .     Gourm    .   (no shield)
rNeg     + + +     Faith    .   a - +0 robe
rPois    ∞         Spirit   .   (no helmet)
rElec    .         Reflect  .   (no cloak)
rCorr    .         Harm     .   (no gloves)
MR       .....                  (no boots)
Stlth    ++........             (no amulet)
HPRegen  0.14/turn              i - ring of magical power
MPRegen  0.17/turn              (no ring)

@: no status effects
A: no food or potions, fire vulnerability, cold resistance 1, negative energy
resistance 3, torment resistance, unbreathing
a: Renounce Religion


You were on level 6 of the Dungeon.
You worshipped Kikubaaqudgha.
Kikubaaqudgha was noncommittal.
You were not hungry.

You visited 2 branches of the dungeon, and saw 7 of its levels.

You collected 282 gold pieces.

Inventory:

Hand Weapons
 d - a +0 spear
 n - a +0 hunting sling
 u - a +2 whip of draining (weapon)
Missiles
 k - 4 javelins (quivered)
 o - 142 stones
Armour
 a - a +0 robe (worn)
Jewellery
 i - a ring of magical power (left hand)
 q - an uncursed ring of teleportation
 t - an uncursed ring of resist corrosion {unknown}
Scrolls
 c - 4 scrolls of teleportation {unknown}
 e - 3 scrolls of amnesia
 f - 4 scrolls of remove curse
 g - a scroll of noise {unknown}
 h - a scroll of fog {unknown}
 j - a scroll of random uselessness {unknown}
 l - 2 scrolls of blinking
 p - a scroll of recharging
 r - 3 scrolls of identify
 s - a scroll of magic mapping {unknown}
 v - a scroll of enchant weapon {unknown}
Books
 b - a book of Necromancy

   Spells                             Type                      Level
   a - Pain                           Necromancy                   1
   b - Animate Skeleton               Necromancy                   1
   c - Vampiric Draining              Necromancy                   3
   d - Regeneration                   Charms/Necromancy            3
   e - Animate Dead                   Necromancy                   4
   f - Control Undead                 Necromancy                   4


   Skills:
 + Level 1.6 Fighting
 + Level 1.1 Maces & Flails
 - Level 0.7 Polearms
 + Level 2.2 Dodging
 - Level 1.5 Stealth
 - Level 4.5 Spellcasting
 + Level 6.5 Necromancy


You had one spell level left.
You knew the following spells:

 Your Spells              Type           Power        Failure   Level  Hunger
a - Pain                  Necr           ###.         1%          1    N/A
b - Animate Skeleton      Necr           N/A          1%          1    N/A
c - Vampiric Draining     Necr           ###.......   3%          3    N/A
d - Animate Dead          Necr           N/A          11%         4    N/A
e - Control Undead        Necr           ###.......   11%         4    N/A

Dungeon Overview and Level Annotations

Branches:
Dungeon (6/15)             Temple (1/1) D:4

Altars:
Ashenzari
Cheibriados
Elyvilon
Gozag
Kikubaaqudgha
Makhleb
Nemelex Xobeh
Okawaru
Qazlal
Sif Muna
Trog
Uskayaw
Vehumet
Wu Jian
Yredelemnul
Zin

Annotations:
D:3 Grinder


Innate Abilities, Weirdness & Mutations

You do not eat or drink.
Your flesh is vulnerable to fire.
You are immune to poison.
Your flesh is cold resistant. (rC+)
You are immune to negative energy. (rN+++)
You are immune to unholy pain and torment.
You can survive without breathing.


Message History

The electric eel looks frightened! x3; The crimson imp is unaffected.
Your bullfrog zombie hits the crimson imp.
The crimson imp dies!
Kikubaaqudgha accepts your kill.
You enter the shallow water.
Moving in this stuff is going to be slow.
Press: ? - help, v - describe, . - travel The floor.
You swap places.
The bullfrog zombie is no longer charmed.
The bullfrog zombie hits you.
* * * LOW HITPOINT WARNING * * *
Unknown command.
Casting: Vampiric Draining
Confirm with . or Enter, or press ? or * to list all spells.
Your bullfrog zombie submits to your will.
The electric eel shoots out a bolt of lightning at you!
The bolt of electricity hits the plant.
The bolt of electricity hits you!
You die...
Kikubaaqudgha rasps: "You have failed me!
Welcome... oblivion!"

#≈.((.##;≈≈##≈#.#
#?P≈P$#≈;.≈≈#≈#.#
#P..PP#..(≈/#≈#.#
#.....#≈P.≈.#≈#.#
#...≈P#≈#.# #
#.....#.#.##
#..#####.....#.#..#
#...≈≈##'..##.##.#
#####≈≈@####≈###.#
###.Z≈≈≈## #.#
####### #.## #..#
##.## #..# ##.##
#..# ##.#


You could see an electric eel and a friendly bullfrog zombie.

Vanquished Creatures
  A sky beast (D:6)
  2 hounds (D:4)
  2 iguanas
  A worker ant (D:6)
  4 adders
  3 oozes
  An adder skeleton (D:4)
  A worm (D:4)
  2 dart slugs
  6 leopard geckos
  2 orcs
  2 ball pythons
  6 bats
  8 giant cockroaches
  11 goblins
  8 hobgoblins
  6 jackals
  6 kobolds
  4 frilled lizards
  A jackal skeleton (D:4)
  A quokka skeleton (D:6)
  7 rats
85 creatures vanquished.

Vanquished Creatures (collateral kills)
  2 crimson imps
  A worker ant (D:4)
  2 adder skeletons (D:4)
  A goblin (D:3)
  A quokka zombie (D:5)
  A rat (D:3)
8 creatures vanquished.

Grand Total: 93 creatures vanquished

Notes
Turn   | Place    | Note
-------+----------+-------------------------------------------
     0 | D:1      | Titanic the Mummy Necromancer began the quest for the Orb.
     0 | D:1      | Reached XP level 1. HP: 13/13 MP: 4/4
   204 | D:1      | Reached XP level 2. HP: 19/19 MP: 0/5
  1395 | D:1      | Reached XP level 3. HP: 24/24 MP: 7/7
  1406 | D:1      | Learned a level 1 spell: Animate Skeleton
  1410 | D:1      | Learned a level 3 spell: Vampiric Draining
  1943 | D:2      | Reached skill level 5 in Necromancy
  2268 | D:2      | Reached XP level 4. HP: 30/30 MP: 4/9
  2497 | D:2      | Found an ornate altar of the Wu Jian Council.
  2719 | D:2      | Learned a level 4 spell: Animate Dead
  3270 | D:3      | Noticed Grinder
  3271 | D:3      | Paralysed by Grinder for 3 turns
  3530 | D:4      | Reached XP level 5. HP: 32/35 MP: 10/10
  3535 | D:4      | Reached skill level 6 in Necromancy
  3856 | D:4      | Found a staircase to the Ecumenical Temple.
  3966 | D:4      | Found an iron altar of Okawaru.
  4221 | Temple   | Entered the Ecumenical Temple
  4449 | Temple   | Became a worshipper of Kikubaaqudgha
  4532 | D:5      | Entered Level 5 of the Dungeon
  4635 | D:5      | Found an opulent altar of Gozag.
  4673 | D:5      | Found a hide-covered altar of Uskayaw.
  4683 | D:5      | Reached XP level 6. HP: 40/42 MP: 12/12
  4779 | D:5      | Found a stormy altar of Qazlal.
  4781 | D:5      | Noticed a water elemental
  4782 | D:5      | Noticed an air elemental
  4782 | D:5      | Noticed a fire elemental
  4800 | D:5      | Found a radiant altar of Vehumet.
  4831 | D:5      | Learned a level 4 spell: Control Undead
  4920 | D:6      | Reached skill level 1 in Fighting
  5218 | D:6      | Noticed a sky beast
  5254 | D:6      | Killed a sky beast
  5254 | D:6      | Reached skill level 1 in Maces & Flails
  5632 | D:6      | Killed from afar by an electric eel

Vault maps used:
D:1:      lemuel_arrival_muddy
D:2:      lemuel_coloured_pillars_altar
D:3:      kennysheep_generic_room_16, uniq_grinder
D:4:      okawaru_metal_pillars_3, lemuel_temple_firewalk_a
D:5:      nicolae_qazlal_style_of_elements, old_standard_altar,
          grunt_gozag_statues, overflow_temple_1_default, first_bread
D:6:      cheibrodos_two_vegetables, fedhas_altar_2
Temple:   jpeg_temple_alley_garden

Skill      XL: |  1  2  3  4  5  6 |
---------------+-------------------+-----
Spellcasting   | 3 4 |  4.5
Necromancy     | 5 6 |  6.5
Fighting       | 1 |  1.6
Maces & Flails | 1 |  1.1
Dodging        | 2 |  2.2
Polearms       | |  0.7
Stealth        | |  1.5

Action                   |  1- 3 |  4- 6 || total
-------------------------+-------+-------++-------
Melee: Spear             |    21 |    42 ||    63
       Whip              |       |    17 ||    17
Throw: Javelin           |     1 |       ||     1
 Cast: Pain              |    74 |    90 ||   164
       Animate Dead      |       |    11 ||    11
       Vampiric Draining |       |     8 ||     8
       Control Undead    |       |    12 ||    12
  Use: Scroll            |     3 |     6 ||     9
 Stab: Sleeping          |     1 |     1 ||     2
Armor: Robe              |     9 |     6 ||    15
Dodge: Dodged            |    23 |    72 ||    95
